AoeStats
← Harmattan 05

Runestones

507305605Analyzed
1v1 RM · 13d ago on Sep 17, 2026· 37m 17s· 2 players
Game mode
Random Map
Map size
Tiny (2 player)
Population
200
Speed
Normal
Resources
Standard
Victory
Conquest
Starting age
Dark Age
Ending age
Imperial Age
RankedLock teamsTeams togetherTeam positionsShared explorationLock speedFull tech treeHidden civsTurbo modeCheats
Victory
Defeat
🇺🇸 Tatars · United States
269
+8
🇫🇷 Mapuche · France
88
-8
Harmattan 05
0:32 Loom
15:41 Feudal Age
21:57 Arson
23:05 Wheelbarrow
26:32 Double-Bit Axe
26:44 Gold Mining
26:36 Horse Collar
27:57 Town Watch
31:49 Castle Age
30:04 Fletching
30:11 Stone Mining
34:22 Hand Cart
Kelonious
8:59 Loom
12:20 Feudal Age
12:54 Double-Bit Axe
12:55 Horse Collar
15:23 Man-at-Arms
18:03 Wheelbarrow
25:02 Castle Age
24:57 Forging
26:55 Hand Cart
26:44 Heavy Plow
26:58 Bow Saw
34:28 Imperial Age
35:15 Iron Casting
34:48 Husbandry
34:59 Bloodlines
36:37 Chemistry
Connection lost

Rejoining the realm…

Still unreachable

The connection could not be restored.

Session expired

The server has moved on; the page needs a fresh start.